 Dungeon Crawl Stone Soup version 0.31-a0-1612-g4aaf141004 (console) character file.

Game seed: 1502435100711457660

18785 petzl the Thaumaturge (level 12, -9/66 (94) HPs)
             Began as a Formicid Delver on Jan 9, 2024.
             Was a Priest of Vehumet.
             Killed from afar by a laughing skull (20 damage)
             ... with a bolt of negative energy
             ... on level 2 of the Abyss.
             The game lasted 01:13:13 (16572 turns).

petzl the Thaumaturge (Formicid Delver)            Turns: 16572, Time: 01:13:14

HP:   -9/66 (94)    AC: 25    Str: 19      XL:     12   Next: 99%
MP:   25/25         EV: 10    Int: 11 (13) God:    Vehumet [***...]
Gold: 522           SH: 11    Dex: 15      Spells: 19/29 levels left

rFire   + . .        a - +9 whip "Naxijunt" {freeze, rF+}
rCold   x x .        Q - +0 buckler
rNeg    . . .        j - +8 chain mail "Jimugoty" {rPois Will++ Regen+}
rPois   +            (helmet unavailable)
rElec   +            q - +1 cloak
rCorr   .            g - +1 pair of gloves
SInv    +            d - +1 pair of boots
Will    +++..        E - amulet of reflection
Stlth   +            Z - ring of wizardry
HPRegen 1.11/turn    I - +4 ring of protection
MPRegen 0.19/turn

%: reflection, wizardry (x1)
@: very heavily drained
A: permanent stasis, dig shafts and tunnels, antennae 3, four strong arms,
hooves 1, deformed body, electricity resistance, [deterioration 2], [cold
vulnerability 2], [inability to drink after injury 2]
a: Dig, Shaft Self, Renounce Religion


You were on level 2 of the Abyss.
You worshipped Vehumet.
Vehumet was most pleased with you.
You visited 2 branches of the dungeon, and saw 14 of its levels.
You visited the Abyss 1 time.

You collected 880 gold pieces.
You spent 358 gold pieces at shops.

Inventory:

Hand Weapons
 a - the +9 whip "Naxijunt" (weapon) {freeze, rF+}
   (You found it on level 6 of the Dungeon)

   rF+:       It protects you from fire.
 b - a +2 orcbow of electrocution
 c - a +2 antimagic shortbow
 e - a +0 spectral dagger {!f =f}
 f - the +6 spear of Summer {venom, rN++ Dex-2 SInv, !f =f}
   (You found it on level 4 of the Dungeon)

   Dex-2:     It affects your dexterity (-2).
   rN++:      It greatly protects you from negative energy.
   SInv:      It lets you see invisible.
 r - a +4 quarterstaff of chaos
 Y - a +1 scimitar of flaming
Missiles
 n - 5 atropa-tipped darts
 s - a throwing net
 x - 32 poisoned darts
Armour
 d - a +1 pair of boots (worn)
 g - a +1 pair of gloves (worn)
 j - the +8 chain mail "Jimugoty" (worn) {rPois Will++ Regen+}
   (You found it on level 5 of the Dungeon)

   rPois:     It protects you from poison Will++: It greatly increases your
   willpower.
   Regen+:    It increases your rate of health regeneration.
 q - a +1 cloak (worn)
 N - a scarf of invisibility
 Q - a +0 buckler (worn)
 V - the +1 ring mail of Divine Intervention {Fly rElec}
   (You took it off an orc priest on level 9 of the Dungeon)

   rElec:     It insulates you from electricity.
   Fly:       It grants you flight.
Jewellery
 t - a ring of poison resistance
 E - an amulet of reflection (around neck)
 I - a +4 ring of protection (right hand)
 X - a ring of ice
 Z - a ring of wizardry (left hand)
Wands
 p - a wand of light (3)
 K - a wand of digging (9)
 O - a wand of mindburst (21)
 T - a wand of roots (5)
 U - a wand of polymorph (3)
 W - a wand of paralysis (5)
Scrolls
 h - 2 scrolls of amnesia
 m - a scroll of torment
 u - 2 scrolls of vulnerability
 y - 2 scrolls of enchant weapon
 A - a scroll of identify
 B - a scroll of immolation
 D - a scroll of fog
 F - a scroll of poison
 G - 2 scrolls of revelation
 H - 2 scrolls of fear
 J - a scroll of enchant armour
Potions
 i - a potion of ambrosia
 k - a potion of mutation
 l - a potion of might
 o - 7 potions of curing
 v - a potion of attraction {unknown}
 w - a potion of magic {unknown}
 z - 2 potions of enlightenment
 C - a potion of cancellation
 L - 4 potions of lignification
 P - a potion of haste {unknown}
 R - 2 potions of heal wounds


   Skills:
 + Level 8.3 Fighting
 - Level 2.0 Maces & Flails
 + Level 6.0 Ranged Weapons
 + Level 6.4 Armour
 - Level 6.0 Dodging
 - Level 6.0 Stealth
 + Level 6.3 Shields
 + Level 9.0 Spellcasting
 + Level 8.8 Conjurations
 - Level 6.0 Translocations
 * Level 5.2 Alchemy
 - Level 2.0 Evocations


You had 19 spell levels left.
You knew the following spells:

 Your Spells              Type           Power      Damage    Failure   Level
a - Sting                 Conj/Alch      80%        1d8       1%          1
b - Iskenderun's Mystic   Conj/Tloc      21%        2d6       6%          4
c - Kiss of Death         Conj/Necr      56%        2d9       2%          1
T - Olgreb's Toxic Radia  Alch           16%        N/A       13%         4

Your spell library contained the following spells:

 Spells                   Type           Power      Damage    Failure   Level
 Apportation              Tloc           36%        N/A       4%          1
 Scorch                   Fire           8%         2d5       17%         2
 Flame Wave               Conj/Fire      14%        2d6       19%         4
 Necrotise                Necr           16%        1d4       43%         1
 Summon Small Mammal      Summ           16%        N/A       43%         1
 Jinxbite                 Hex            8%         N/A       56%         2
 Yara's Violent Unravell  Hex/Alch       5%         3d4       65%         5
 Dimensional Bullseye     Hex/Tloc       5%         N/A       77%         4
 Confusing Touch          Hex            4%         N/A       78%         3
 Tukima's Dance           Hex            4%         N/A       78%         3
 Dispel Undead            Necr           4%         3d7       99%         4
 Summon Cactus Giant      Summ           2%         N/A       100%        6
 Enfeeble                 Hex            2%         N/A       100%        7


Dungeon Overview and Level Annotations

Branches:
Dungeon (13/15)            Temple (1/1) D:6            Lair (0/5) D:9
    Orc (0/2) D:10
 Vaults: D:13-14

Altars:
Ashenzari
Cheibriados
Dithmenos
Elyvilon
Fedhas
Gozag
Hepliaklqana
Kikubaaqudgha
Makhleb
Nemelex Xobeh
Okawaru
Qazlal
Ru
Sif Muna
Trog
Uskayaw
Vehumet
Wu Jian
Xom
Yredelemnul
Zin
The Shining One

Shops:
D:6 !   D:9 ?   D:11 ?   D:12 [

Portals:
Trove: D:13 (show slimy rune of Zot)

Annotations:
D:5 2 transporters, Strewth's ghost, novice MiFi
D:7 2 transporters
D:10 exclusion: downstairs
D:11 exclusions: downstairs, sensed monster (detected) and ugly thing
D:12 2 transporters, grandjackal's ghost, journeyman DsFi


Innate Abilities, Weirdness & Mutations

You cannot be hasted, slowed, berserked, paralysed or teleported.
You can dig through walls and to a lower floor.
You have a pair of large antennae on your head. (SInv)
Your four strong arms can wield two-handed weapons with a shield.
You have large cloven feet.
Armour fits poorly on your strangely shaped body.
You are resistant to electric shocks. (rElec)
[Your body often deteriorates upon taking damage.]
[You are very vulnerable to cold. (rC--)]
[You sometimes lose the ability to drink potions when taking damage.]


Message History

The bolt of negative energy misses you.
The white very ugly thing basks in the mutagenic energy from its kin and changes!
The ynoxinul gestures.
The laughing skull cackles spitefully.
The bolt of negative energy hits the laughing skull.
The laughing skull completely resists.
The bolt of negative energy hits you!
You feel drained. You block the laughing skull's attack.
The laughing skull gibbers with scorn.
The bolt of negative energy hits the laughing skull.
The laughing skull completely resists.
The bolt of negative energy hits you.
You feel drained.
The laughing skull attacks as it pursues you!
You block the laughing skull's attack.
The laughing skull lets out a vicious peal of laugher.
The bolt of negative energy hits the laughing skull.
The laughing skull completely resists.
The bolt of negative energy hits you!
You feel drained.
Your body deteriorates!
You feel dopey.
The laughing skull attacks as it pursues you!
You block the laughing skull's attack. The laughing skull closely misses you.
Unknown command.
The laughing skull misses you.
The laughing skull cackles spitefully.
The bolt of negative energy misses you.
The laughing skull cackles spitefully.
The bolt of negative energy hits you!!
You feel drained.
* * * LOW HITPOINT WARNING * * *
The laughing skull lets out a vicious peal of laugher.
The bolt of negative energy hits you.
You feel drained.
* * * LOW HITPOINT WARNING * * *
Okay, then.
Unknown command.
Unknown command.
The laughing skull lets out a vicious peal of laugher.
The bolt of negative energy hits the laughing skull.
The laughing skull completely resists.
The bolt of negative energy hits you!!
You feel drained.
You die...
The laughing skull crumbles to pieces from sheer joy.

. # ..## .#
... .##
..###..# #.#
### #.#{.#
### ##.### #.
... ##..#
#...
..##.#.##...#
#..##...#
#.#zz.##
#@..###
#..#..#
#.#.#.#..# #.
##.#.##.# #
.. ## .. ...
.. .##{ #


You could see 2 laughing skulls.

Vanquished Creatures
  Erica (D:11)
  A centaur warrior (D:11)
  A boulder beetle (D:11)
  A two-headed ogre (D:8)
  3 cyclopes
  A manticore (D:12)
  A gargoyle (D:11)
  An unseen horror (D:11)
  3 unseen horror zombies (D:10)
  A tengu conjurer (D:13)
  5 trolls
  A hornet (D:9)
  A slime creature (D:13)
  8 shadows
  13 yaks
  2 vampires (D:10)
  A wyvern (D:10)
  4 wraiths
  3 steam dragons
  2 vampire mosquitoes (D:11)
  Menkaure (D:5)
  An acid dragon (D:9)
  A water moccasin (D:6)
  3 ice beasts
  4 orc warriors
  3 black bears
  14 centaurs
  2 phantoms (D:5)
  2 kobold brigands (D:8)
  4 bullfrogs
  2 scorpions
  2 necrophages (D:9)
  2 wights (D:9)
  7 killer bees
  4 howler monkeys
  10 centaur zombies
  A human zombie (D:9)
  2 bombardier beetles
  4 hounds
  A jelly (D:6)
  Crazy Yiuf (D:4)
  8 orc priests
  2 gnoll boudas
  3 sleepcaps
  3 iguanas
  10 orc wizards
  3 mummies (D:9)
  3 howler monkey zombies
  17 gnolls
  5 adders
  2 river rats (D:6)
  3 shadow imps
  A white imp (D:7)
  8 ufetubi
  3 dart slugs
  4 ribbon worms
  30 orcs
  11 ball pythons
  4 bats
  4 endoplasms
  10 giant cockroaches
  6 goblins
  4 hobgoblins
  8 jackals
  8 quokkas
  3 frilled lizards (D:1)
  21 kobolds
  2 rats
311 creatures vanquished.

Vanquished Creatures (others)
  6 starspawn tentacles (Abyss:2)
6 creatures vanquished.

Grand Total: 317 creatures vanquished

Notes
Turn   | Place    | Note
-------+----------+-------------------------------------------
     0 | D:5      | petzl the Formicid Delver began the quest for the Orb.
     0 | D:5      | Reached XP level 1. HP: 18/18 MP: 1/1
     9 | D:5      | Noticed an orc priest
    38 | D:5      | Noticed a bombardier beetle
    43 | D:5      | Found a transporter.
    52 | D:5      | Noticed Strewth's ghost (novice MiFi)
    52 | D:5      | Noticed a jelly
    55 | D:5      | Found a transporter.
    66 | D:5      | Noticed a sleepcap
   157 | D:5      | Noticed a sleepcap
   285 | D:4      | Reached XP level 2. HP: 14/24 MP: 2/2
   497 | D:3      | Found a hazy altar of Hepliaklqana.
   576 | D:2      | Reached skill level 1 in Armour
   576 | D:2      | Reached XP level 3. HP: 22/29 MP: 4/4
   580 | D:2      | Reached skill level 1 in Evocations
   722 | D:1      | Reached skill level 1 in Spellcasting
   905 | D:1      | Reached XP level 4. HP: 37/37 MP: 5/5
  1092 | D:1      | Found a faded altar of an unknown god.
  1563 | D:2      | Reached XP level 5. HP: 30/42 MP: 7/7
  2015 | D:3      | Noticed a centaur
  2026 | D:3      | Killed a centaur
  2027 | D:3      | Reached skill level 2 in Spellcasting
  2027 | D:3      | Reached XP level 6. HP: 48/49 MP: 7/9
  2060 | D:3      | Found a shimmering blue altar of Sif Muna.
  3000 | D:4      | Reached skill level 1 in Ranged Weapons
  3071 | D:4      | Identified the +6 spear of Summer {venom, rN++ Dex-2 SInv}
  3128 | D:4      | Reached XP level 7. HP: 55/55 MP: 9/11
  3170 | D:4      | Found an opulent altar of Gozag.
  3212 | D:4      | Reached skill level 3 in Spellcasting
  3216 | D:4      | Reached skill level 5 in Fighting
  3305 | D:4      | Found a broken altar of Ashenzari.
  3351 | D:4      | Learned a level 1 spell: Sting
  3467 | D:4      | Found an iron altar of Okawaru.
  3555 | D:4      | Found a runed translucent door.
  3556 | D:4      | Noticed Crazy Yiuf
  3622 | D:4      | Found a glowing silver altar of Zin.
  3702 | D:4      | Killed Crazy Yiuf
  3968 | D:5      | Reached skill level 1 in Alchemy
  3968 | D:5      | Reached XP level 8. HP: 59/63 MP: 5/13
  4071 | D:5      | Reached skill level 1 in Conjurations
  4267 | D:5      | Noticed Menkaure
  4276 | D:5      | Killed Menkaure
  4277 | D:5      | Reached skill level 4 in Spellcasting
  4281 | D:5      | Identified the +8 chain mail "Jimugoty" {rPois Will++
                  | Regen+}
  4938 | D:5      | Reached XP level 9. HP: 69/69 MP: 4/15
  5047 | D:6      | Found a transporter.
  5048 | D:6      | Identified the +0 kite shield of the Destroying Hells
                  | {+Blink}
  5051 | D:6      | Found Wuemixog's Distillery.
  5234 | D:6      | Found a transporter.
  5338 | D:6      | Identified the +9 whip "Naxijunt" {freeze, rF+}
  5591 | D:6      | Found a staircase to the Ecumenical Temple.
  5621 | D:6      | Reached skill level 5 in Dodging
  6272 | D:6      | Bought a potion of curing for 39 gold pieces
  6272 | D:6      | Bought a potion of lignification for 39 gold pieces
  6381 | Temple   | Entered the Ecumenical Temple
  6391 | Temple   | Became a worshipper of Vehumet
  6420 | D:7      | Reached skill level 5 in Spellcasting
  6699 | D:7      | Found a shimmering altar of Xom.
  6720 | D:7      | Found a transporter.
  6733 | D:7      | Found a transporter.
  6791 | D:7      | Found a glowing golden altar of the Shining One.
  7078 | D:8      | Found an ornate altar of the Wu Jian Council.
  7112 | D:8      | Reached skill level 5 in Ranged Weapons
  7295 | D:8      | Reached * piety under Vehumet
  7295 | D:8      | Offered knowledge of Freeze by Vehumet.
  7487 | D:8      | Reached XP level 10. HP: 35/76 MP: 6/18
  7657 | D:8      | Reached skill level 6 in Spellcasting
  7812 | D:8      | Found a hide-covered altar of Uskayaw.
  7857 | D:8      | Noticed a two-headed ogre
  7913 | D:8      | Killed a two-headed ogre
  7914 | D:8      | Reached skill level 5 in Conjurations
  7962 | D:8      | Reached skill level 7 in Spellcasting
  8477 | D:9      | Found a staircase to the Lair.
  8631 | D:10     | Entered Level 10 of the Dungeon
  8665 | D:9      | Reached skill level 1 in Shields
  8763 | D:10     | Learned a level 4 spell: Iskenderun's Mystic Blast
  9025 | D:9      | Reached skill level 1 in Translocations
  9111 | D:9      | Reached XP level 11. HP: 82/82 MP: 9/22
  9341 | D:9      | Reached ** piety under Vehumet
  9346 | D:10     | Offered knowledge of Momentum Strike by Vehumet.
 10134 | D:9      | Found a bloodstained altar of Trog.
 10276 | D:9      | You fall into a shaft and drop 3 floors!
 10421 | D:12     | Gained mutation: You have hidden genetic defects. [potion
                  | of mutation]
 10440 | D:12     | Noticed a deep elf pyromancer
 10440 | D:12     | Noticed a manticore
 10442 | D:12     | Found a transporter.
 10525 | D:12     | Noticed a cyclops
 10859 | D:11     | Noticed a cyan ugly thing
 10861 | D:11     | Noticed a boulder beetle
 10883 | D:11     | Killed a boulder beetle
 11139 | D:10     | Identified the +1 ring mail of Divine Intervention {Fly
                  | rElec}
 11546 | D:9      | Found a basalt altar of Yredelemnul.
 11686 | D:9      | Gained mutation: You do not regenerate when monsters are
                  | visible. [hidden defects]
 11723 | D:9      | Found The Oracle's Delphic Readings.
 11729 | D:9      | Bought a scroll of revelation for 97 gold pieces
 12145 | D:9      | Reached skill level 8 in Spellcasting
 12288 | D:9      | Found a sparkling altar of Nemelex Xobeh.
 12363 | D:10     | Offered knowledge of Inner Flame by Vehumet.
 12809 | D:9      | Gained mutation: Your health recovers twice as slowly from
                  | being drained. [hidden defects]
 12809 | D:9      | Lost mutation: You have hidden genetic defects. [hidden
                  | defects expressed]
 12992 | D:10     | Reached skill level 5 in Armour
 13381 | D:9      | Reached *** piety under Vehumet
 13382 | D:9      | Reached XP level 12. HP: 65/91 MP: 24/24
 13787 | D:10     | Reached skill level 5 in Shields
 14045 | D:10     | Found a staircase to the Orcish Mines.
 14315 | D:10     | Reached skill level 5 in Translocations
 14598 | D:11     | Found Awixeaje's Magic Scroll Shop.
 14601 | D:11     | Bought a scroll of fear for 48 gold pieces
 14601 | D:11     | Bought a scroll of identify for 24 gold pieces
 14601 | D:11     | Bought a scroll of identify for 24 gold pieces
 14601 | D:11     | Bought a scroll of identify for 24 gold pieces
 15261 | D:11     | Noticed Erica
 15277 | D:11     | Killed Erica
 15339 | D:11     | Learned a level 1 spell: Kiss of Death
 15454 | D:12     | Found a transporter.
 15459 | D:12     | Noticed a centaur warrior
 15485 | D:12     | Noticed a centaur warrior
 15629 | D:11     | Offered knowledge of Olgreb's Toxic Radiance by Vehumet.
 15642 | D:11     | Learned a level 4 spell: Olgreb's Toxic Radiance
 15850 | D:12     | Found Ewehonle's Armour Shoppe.
 15862 | D:12     | Lost mutation: Your health recovers twice as slowly from
                  | being drained. [potion of mutation]
 15862 | D:12     | Lost mutation: You do not regenerate when monsters are
                  | visible. [potion of mutation]
 15862 | D:12     | Gained mutation: Armour fits poorly on your strangely
                  | shaped body. [potion of mutation]
 15862 | D:12     | Gained mutation: You are resistant to electric shocks.
                  | (rElec) [potion of mutation]
 15862 | D:12     | Gained mutation: You have large cloven feet. [potion of
                  | mutation]
 15870 | D:12     | Bought a +0 buckler for 63 gold pieces
 15928 | D:12     | Found a sparkling altar of Nemelex Xobeh.
 16002 | D:12     | Noticed a deep elf knight
 16016 | D:12     | Noticed grandjackal's ghost (journeyman DsFi)
 16216 | D:11     | Killed a centaur warrior
 16263 | D:12     | Reached skill level 5 in Alchemy
 16377 | D:13     | Found a portal to a secret trove of treasure.
 16394 | D:13     | Reached skill level 9 in Spellcasting
 16470 | D:13     | Noticed an occultist
 16477 | Abyss:2  | Cast into level 2 of the Abyss (an occultist)
 16487 | Abyss:2  | Noticed a tentacled starspawn
 16493 | Abyss:2  | Found a corrupted altar of Lugonu.
 16532 | Abyss:2  | Noticed a wretched star
 16540 | Abyss:2  | Noticed a tentacled starspawn
 16552 | Abyss:2  | Noticed a green very ugly thing
 16553 | Abyss:2  | Noticed a green very ugly thing
 16572 | Abyss:2  | Killed from afar by a laughing skull

Illustrated notes

Levels and vault maps discovered:
D:1:      lemuel_arrival_muddy, layout_basic, ebering_ecumenical_altar_rust,
          minmay_hexomino_r4
D:2:      layout_basic, glass_columns_a
D:3:      layout_loops_corners, mainiacjoe_overflow_small_starburst,
          overflow_temple_1_default
D:4:      layout_loops_ring, pdpol_temple_overflow_zin_treasury_gozag_greed,
          hellmonk_okawaru_the_only_friend_you_need,
          mainiacjoe_overflow_tiny_flanked, uniq_crazy_yiuf_cottage
D:5:      layout_loops_corners, gammafunk_ghost_arena, minmay_quadrilaterals,
          uniq_menkaure
D:6:      layout_loops_corners, minmay_temple_entry_gardened_gates,
          gup_sewer_entry_bubbles, serial_shops, nicolae_shop_drivethru
D:7:      gammafunk_beogh_shrine, layout_rooms, tso_metal_star,
          mainiacjoe_overflow_paths
D:8:      minmay_angry_zag, layout_rooms, mainiacjoe_overflow_alcove_2,
          pdpol_wu_jian_five_deadly_venoms, st_stairs_3, centaur_isle
D:9:      layout_roguey, mainiacjoe_overflow_catwalk, general_overflow_altar,
          lemuel_mausoleum_altar_yredelemnul, nicolae_nh_oracle_at_delphi
D:10:     layout_big_octagon, david_orc_4, serial_undead, serial_undead_a,
          serial_undead_b, serial_undead_d, serial_undead_e, serial_undead_f,
          serial_undead_e, serial_undead_b, serial_undead_b, nicolae_the_louvre
D:11:     layout_long_grid, serial_shops, nicolae_shop_real_fake_doors,
          minivault_19, uniq_erica
D:12:     layout_long_grid, nzn_ghost_randoct, serial_shops,
          nicolae_square_shop, nemelex_lonely_heart_becter
D:13:     minmay_bad_star, layout_loops_corners, enter_trove_2, laboratory
Temple:   hellmonk_temple_rainy
Abyss:2:  base: D:10, evilmike_abyss_exit_1, hangedman_abyss_or_decor_passed

Skill      XL: |  1  2  3  4  5  6  7  8  9 10 11 12 |
---------------+-------------------------------------+-----
Dodging        | 2 3 4 5 6 |  6.0
Armour         | 1 2 3 5 6 |  6.4
Evocations     | 1 2 |  2.0
Spellcasting   | 1 2 3 4 5 7 8 9 |  9.0
Fighting       | 4 5 6 7 8 |  8.3
Ranged Weapons | 1 2 3 5 6 |  6.0
Alchemy        | 1 3 4 5 |  5.2
Conjurations   | 2 4 6 7 8 |  8.8
Shields        | 2 4 6 |  6.3
Translocations | 1 4 6 |  6.0
Maces & Flails | |  2.0
Stealth        | |  6.0

Action                     |  1- 3 |  4- 6 |  7- 9 | 10-12 || total
---------------------------+-------+-------+-------+-------++-------
  Melee: Mace              |    66 |       |       |       ||    66
         Dagger            |    23 |    42 |    20 |       ||    85
         Rapier            |       |    82 |    11 |       ||    93
         Punch             |       |     1 |     6 |    14 ||    21
         Spear             |       |       |    92 |     8 ||   100
         Whip              |       |       |    63 |   536 ||   599
   Fire: Orcbow            |       |    40 |     7 |    17 ||    64
         Shortbow          |       |       |   175 |   248 ||   423
   Cast: Iskenderun's Myst |       |       |       |    11 ||    11
         Sting             |       |       |       |     3 ||     3
Ability: Dig               |     1 |       |     1 |     2 ||     4
         Shaft Self        |       |       |       |     1 ||     1
  Evoke: Wand              |       |       |       |    16 ||    16
    Use: Scroll            |       |       |     6 |     9 ||    15
         Potion            |       |       |       |     4 ||     4
   Stab: Sleeping          |     3 |     9 |     3 |     3 ||    18
 Armour: Leather armour    |    58 |    65 |   123 |       ||   246
         Steam dragon scal |       |       |    12 |   450 ||   462
         Chain mail        |       |       |       |   177 ||   177
  Dodge: Dodged            |    67 |    92 |   157 |   496 ||   812
  Block: Other             |       |       |    61 |   170 ||   231
         Reflection        |       |       |     7 |    36 ||    43
         Buckler           |       |       |       |    34 ||    34

Table legend: (Time is in decaauts)
 A = Elapsed time spent in this place.
 B = Non-inter-level travel time spent in this place.
 C = Inter-level travel time spent in this place.
 D = Time resting spent in this place.
 E = Time spent auto-exploring this place.
 F = Levels seen in this place.
 G = Mean time per level.
                   A        B        C        D        E       F      G
               +--------+--------+--------+--------+--------+-----+--------+
         Total |  16695 |  15969 |    726 |   4919 |   6190 |  15 | 1113.0 |
       Dungeon |  16579 |  15872 |    707 |   4919 |   6190 |  13 | 1275.3 |
        Temple |     20 |      1 |     19 |      0 |      0 |   1 |   20.0 |
         Abyss |     94 |     94 |      0 |      0 |      0 |   1 |   94.0 |
               +--------+--------+--------+--------+--------+-----+--------+

Top non-repeatable levels by time:
     D:9: 3514 daAuts
    D:11: 1866 daAuts
    D:10: 1647 daAuts
     D:5: 1407 daAuts
     D:6: 1407 daAuts
     D:3: 1188 daAuts
     D:4: 1132 daAuts
     D:8: 1128 daAuts
     D:7: 943 daAuts
    D:12: 848 daAuts
     D:2: 729 daAuts
     D:1: 597 daAuts
    D:13: 169 daAuts
 Abyss:2: 94 daAuts
  Temple: 20 daAuts
